 Dungeon Crawl Stone Soup version 0.25-a0-544-gee0576305d (webtiles) character file.

Game seed: 10924996275397072155, levelgen mode: deterministic

22 Katabasis the Ogre Mage (level 2, -3/24 HPs)
             Began as an Ogre Wizard on Feb 20, 2020.
             Killed from afar by Natasha (8 damage)
             ... with a magic dart
             ... on level 2 of the Dungeon.
             The game lasted 00:07:34 (1434 turns).

Katabasis the Ogre Mage (Ogre Wizard)               Turns: 1434, Time: 00:07:36

Health: -3/24      AC:  3    Str: 10    XL:     2   Next: 91%
Magic:  2/7        EV: 10    Int: 19    God:
Gold:   72         SH:  0    Dex:  7    Spells: 4/9 levels left

rFire    . . .     SeeInvis .   e - +0 club
rCold    . . .     Gourm    .   (no shield)
rNeg     . . .     Faith    .   a - +0 robe
rPois    .         Spirit   .   b - +0 hat
rElec    .         Reflect  .   (no cloak)
rCorr    .         Harm     .   (gloves unavailable)
MR       .....                  (boots unavailable)
Stlth    +.........             (no amulet)
HPRegen  0.08/turn              (no ring)
MPRegen  0.10/turn              (no ring)

@: slowed, very slow
A: large, unfitting armour, tough skin 1
a: no special abilities


You were on level 2 of the Dungeon.
You were not hungry.

You visited 1 branch of the dungeon, and saw 2 of its levels.

You collected 72 gold pieces.

Inventory:

Hand Weapons
 e - a +0 club (weapon)
 j - a +0 hunting sling
Missiles
 k - 77 stones (quivered)
Armour
 a - a +0 robe (worn)
 b - a +0 hat (worn)
Jewellery
 g - an uncursed ring of ice {unknown}
Scrolls
 c - a scroll of fear {unknown}
 f - a scroll of magic mapping {unknown}
 i - a scroll of remove curse {unknown}
Comestibles
 d - 2 rations


   Skills:
 - Level 1.7 Dodging
 - Level 1.4 Stealth
 + Level 4.2 Spellcasting
 * Level 1.8 Conjurations
 + Level 0.8 Summonings
 - Level 0.8 Translocations


You had 4 spell levels left.
You knew the following spells:

 Your Spells              Type           Power        Failure   Level  Hunger
a - Magic Dart            Conj           ##..         6%          1    None
b - Blink                 Tloc           N/A          14%         2    ##.....
c - Call Imp              Summ           #.......     14%         2    ##.....

Your spell library contained the following spells:

 Spells                   Type           Power        Failure   Level  Hunger
 Slow                     Hex            #.......     21%         2    ##.....
 Conjure Flame            Conj/Fire      #.......     28%         3    ###....
 Mephitic Cloud           Conj/Pois/Air  #.......     30%         3    ###....


Dungeon Overview and Level Annotations

Branches:
Dungeon (2/15)

Altars:

Annotations:
D:2 Natasha


Innate Abilities, Weirdness & Mutations

You are too large for most types of armour.
You have tough skin. (AC +1)


Message History

Aim: Natasha (almost dead)
The magic dart hits Natasha but does no damage.
Natasha is almost dead.
Your crimson imp disappears in a puff of smoke!
Your crimson imp blinks!
The crimson imp hits you.
* * * LOW HITPOINT WARNING * * *
Natasha barely misses you.
Casting: Magic Dart (safe; 6% risk of failure)
Confirm with . or Enter, or press ? or * to list all spells.
Aiming: Magic Dart (safe; 6% risk of failure)
Press: ? - help, Shift-Dir - straight line, f/p - Natasha
Aim: Natasha (almost dead)
The magic dart hits Natasha but does no damage.
Natasha is almost dead.
The crimson imp barely misses you. Natasha barely misses you.
The crimson imp hits you but does no damage.
Natasha stares at you and mumbles some strange words.
The magic dart hits you!
You die...

###......
#.......#####
#............##
#<.w.....#....
#.................h.
........<......#.#.###
#######.......##.#...
#..5....##.#ยง#
.........h@.#
###.####.5#5# ..
#....# #.#=#. #... ..
...# ### .#.. .#.. #..


You could see Natasha, a crimson imp, a shadow imp and a friendly crimson imp.

Vanquished Creatures
  2 dart slugs (D:1)
  2 goblins (D:1)
  4 hobgoblins (D:1)
  A ball python (D:1)
  A bat (D:1)
  A frilled lizard (D:1)
  4 kobolds (D:1)
  3 rats (D:1)
18 creatures vanquished.

Notes
Turn   | Place    | Note
-------+----------+-------------------------------------------
     0 | D:1      | Katabasis the Ogre Wizard began the quest for the Orb.
     0 | D:1      | Reached XP level 1. HP: 16/16 MP: 5/5
    56 | D:1      | Reached skill level 1 in Conjurations
   421 | D:1      | Reached XP level 2. HP: 18/24 MP: 4/6
   498 | D:1      | Reached skill level 4 in Spellcasting
  1309 | D:2      | Learned a level 2 spell: Blink
  1312 | D:2      | Learned a level 2 spell: Call Imp
  1312 | D:2      | Noticed Natasha
  1428 | D:2      | Noticed a crimson imp
  1434 | D:2      | Killed from afar by Natasha

Levels and vault maps discovered:
D:1:      lemuel_arrival_broad_hall, layout_basic, minmay_statues_item,
          minmay_misc_feat_pillars
D:2:      layout_loops_ring, old_standard_altar,
          nicolae_gozag_cash_rules_everything_around_me,
          kennysheep_generic_room_12, uniq_natasha

Skill      XL: |  1  2 |
---------------+-------+-----
Conjurations   | 1 |  1.8
Spellcasting   | 4 |  4.2
Dodging        | |  1.7
Stealth        | |  1.4
Summonings     | |  0.8
Translocations | |  0.8

Action                   || total
-------------------------++-------
Melee: Club              ||    31
       Unarmed           ||     2
 Fire: Hunting sling     ||    13
 Cast: Magic Dart        ||    27
       Call Imp          ||     2
  Eat: Ration            ||     1
Armor: Robe              ||    19
Dodge: Dodged            ||    36

Table legend:
 A = Non-vault XP
 B = Vault XP
 C = Vault XP percentage of total XP
 D = Non-vault monster count
 E = Vault monster count
 F = Vault count percentage of total count
                 A         B        C        D         E       F
            +---------+---------+-------+---------+---------+-------
      Total |      32 |       0 |   0.0 |      18 |       0 |   0.0
            +---------+---------+-------+---------+---------+-------
        D:1 |      32 |       0 |   0.0 |      18 |       0 |   0.0
            +---------+---------+-------+---------+---------+-------
